 Dungeon Crawl Stone Soup version 0.20.1-1-g8b1a95d66d (webtiles) character file.

130 Meaglor the Caller (level 5, -2/43 HPs)
             Began as a Tengu Summoner on Dec 1, 2017.
             Slain by a leopard gecko (4 damage)
             ... on level 4 of the Dungeon.
             The game lasted 00:22:09 (3331 turns).

Meaglor the Caller (Tengu Summoner)                 Turns: 3331, Time: 00:22:10

Health: -2/43      AC:  2    Str: 13      XL:     5   Next: 13%
Magic:  4/10       EV: 13    Int: 15 (17) God:
Gold:   143        SH:  0    Dex: 12 (14) Spells: 1/9 levels left

rFire    . . .     SeeInvis .   c - +5 dagger
rCold    + . .     Gourm    .   (no shield)
rNeg     . . .     Faith    .   e - +0 animal skin
rPois    .         Spirit   .   (helmet restricted)
rElec    .         Reflect  .   (no cloak)
rCorr    +         Harm     .   (no gloves)
MR       .....                  (boots unavailable)
Stlth    ..........             (no amulet)
Regen    0.2/turn               q - ring of protection from cold
MPRegen  0.2/turn               r - ring of resist corrosion

@: berserking, lethally poisoned (-2 -> -14), very quick
A: beak, talons 3, able to fly 1
a: Fly


You were on level 4 of the Dungeon.
You were not hungry.

You visited 1 branch of the dungeon, and saw 4 of its levels.

You collected 143 gold pieces.

Inventory:

Hand Weapons
 c - a +5 dagger (weapon)
Missiles
 d - 5 tomahawks (quivered)
 h - 13 poisoned needles
 i - 36 sling bullets
Armour
 a - a +1 robe
 e - a +0 animal skin (worn)
 o - a cursed -1 leather armour
Jewellery
 q - a ring of protection from cold (left hand)
 r - a ring of resist corrosion (right hand)
Scrolls
 g - a scroll of amnesia
 j - a scroll of random uselessness
 l - a scroll of teleportation
 m - a scroll of fear {unknown}
 n - a scroll of identify
Potions
 k - a potion of haste
Books
 b - a book of Callings

   Spells                             Type                      Level
   a - Summon Small Mammal            Summoning                    1
   b - Call Imp                       Summoning                    2
   c - Call Canine Familiar           Summoning                    3
   d - Summon Guardian Golem          Hexes/Summoning              3
   e - Summon Lightning Spire         Summoning/Air                4
   f - Summon Ice Beast               Ice/Summoning                4
Comestibles
 p - a royal jelly


   Skills:
 + Level 1.1 Fighting
 + Level 1.5 Short Blades
 + Level 2.8 Dodging
 + Level 3.0 Stealth
 * Level 2.7 Spellcasting
 + Level 5.6 Summonings


You had one spell level left.
You knew the following spells:

 Your Spells              Type           Power        Failure   Level  Hunger
a - Summon Guardian Gole  Hex/Summ       ##......     21%         3    ###....
b - Call Imp              Summ           ###.....     3%          2    ##.....
c - Call Canine Familiar  Summ           ###.....     6%          3    ###....


Dungeon Overview and Level Annotations

Branches:
Dungeon (4/15)
 Temple: D:4-7

Altars:


Innate Abilities, Weirdness & Mutations

You have a beak for a mouth.
You have claws for feet.
You can fly.


Message History

Casting: Summon Guardian Golem
Confirm with . or Enter, or press ? or * to list all spells.
You feel sick.
The worker ant bites you but does no damage.
The leopard gecko bites you.
* * * LOW HITPOINT WARNING * * *
* * * LOW HITPOINT WARNING * * *
You feel sick. The worker ant bites you.
* * * LOW HITPOINT WARNING * * *
You are more poisoned.
The worker ant poisons you!
A red film seems to cover your vision as you go berserk!
You feel yourself moving faster!
You feel mighty!
* * * LOW HITPOINT WARNING * * *
You feel sick.
Your hound bites the worker ant but does no damage.
The leopard gecko closely misses you. The worker ant completely misses you.
Your hound barely misses the worker ant.
The leopard gecko bites you.
You die...

############
#..........#
####.....h.$$..
#......@a8.##.#>
#.##.#..l....... # #.
#.#.##.......
###.##.##...# .......
.........<..##.###.#.
.............#.# #
#............#.#
#.#.##.##..#.#.# ..
... ........


You could see a worker ant, a leopard gecko, a friendly guardian golem and a
friendly hound.

Vanquished Creatures
  Robin (D:2)
  2 adders
  An ooze (D:1)
  2 dart slugs (D:1)
  A worm (D:3)
  A leopard gecko (D:1)
  7 bats
  7 giant cockroaches
  9 goblins
  9 hobgoblins
  11 kobolds
  2 frilled lizards
  A quokka skeleton (D:4)
  7 rats
61 creatures vanquished.

Vanquished Creatures (collateral kills)
  An adder (D:2)
  4 worms (D:2)
  A dart slug (D:1)
  A leopard gecko (D:2)
  7 goblins (D:2)
  2 jackals (D:2)
  A kobold (D:2)
  A bat (D:2)
  A rat (D:2)
19 creatures vanquished.

Grand Total: 80 creatures vanquished

Notes
Turn   | Place    | Note
-------+----------+-------------------------------------------
     0 | D:1      | Meaglor the Tengu Summoner began the quest for the Orb.
     0 | D:1      | Reached XP level 1. HP: 10/10 MP: 4/4
    66 | D:1      | Reached skill level 5 in Summonings
   221 | D:1      | Reached XP level 2. HP: 6/15 MP: 4/6
   386 | D:1      | Learned a level 2 spell: Call Imp
   981 | D:1      | Reached XP level 3. HP: 19/19 MP: 7/7
   986 | D:1      | Learned a level 3 spell: Call Canine Familiar
  1509 | D:2      | Noticed Robin
  1520 | D:2      | Killed Robin
  1520 | D:2      | Reached skill level 1 in Short Blades
  1520 | D:2      | Reached XP level 4. HP: 17/24 MP: 1/8
  1929 | D:2      | Reached skill level 1 in Fighting
  3052 | D:3      | Gained mutation: You can fly. [Tengu growth]
  3052 | D:3      | Reached XP level 5. HP: 29/29 MP: 8/10
  3070 | D:3      | Learned a level 3 spell: Summon Guardian Golem
  3331 | D:4      | HP: 2/43 [poisoned by a worker ant]
  3331 | D:4      | Slain by a leopard gecko

Skill      XL: |  1  2  3  4 |
---------------+-------------+-----
Summonings     | 5 |  5.6
Short Blades   | 1 |  1.5
Fighting       | 1 |  1.1
Stealth        | 3 |  3.0
Dodging        | |  2.8
Spellcasting   | |  2.7

Action                   |  1- 3 |  4- 6 || total
-------------------------+-------+-------++-------
Melee: Kick              |    27 |     6 ||    33
       Unarmed           |     4 |       ||     4
       Short sword       |   110 |    38 ||   148
       Peck              |    11 |     6 ||    17
       Dagger            |       |    36 ||    36
 Cast: Summon Small Mamm |     1 |       ||     1
       Call Canine Famil |     2 |     9 ||    11
       Call Imp          |     1 |       ||     1
       Summon Guardian G |       |     2 ||     2
  Use: Scroll            |     4 |     4 ||     8
       Potion            |     3 |     2 ||     5
 Stab: Sleeping          |     6 |     4 ||    10
  Eat: Bread ration      |     1 |       ||     1
       Meat ration       |       |     1 ||     1
Armor: Robe              |    16 |       ||    16
       Animal skin       |       |     9 ||     9
Dodge: Dodged            |    80 |    49 ||   129
